 Dungeon Crawl Stone Soup version 0.24-a0-282-g1a68c91 (webtiles) character file.

Game seed: 18190179327266308320

102412 Hylith the Earth Mage (level 15, -2/155 HPs)
             Began as a Deep Dwarf Earth Elementalist on May 2, 2019.
             Was a High Priest of Elyvilon.
             Slain by a merfolk
             ... wielding a +0 trident of venom
              (14 damage)
             ... on level 1 of the Shoals.
             The game lasted 03:57:51 (47548 turns).

Hylith the Earth Mage (DDEE)                       Turns: 47548, Time: 03:57:52

Health: -2/155     AC: 21    Str: 13    XL:     15   Next: 86%
Magic:  18/27      EV:  7    Int: 27    God:    Elyvilon [*****.]
Gold:   1679       SH:  5    Dex: 14    Spells: 25/36 levels left

rFire    . . .     SeeInvis .   H - +4 broad axe (flame)
rCold    . . .     Gourm    .   b - +0 buckler
rNeg     + + .     Faith    +   E - +0 chain mail {rN+}
rPois    +         Spirit   .   i - +0 helmet
rElec    .         Reflect  .   J - +1 cloak of Articulation {rPois}
rCorr    .         Harm     .   S - +0 pair of gloves {Dex+3}
MR       ++...                  D - +0 pair of boots
Stlth    ..........             r - amulet of faith
HPRegen  0.00/turn              v - +4 ring of protection
MPRegen  0.20/turn              c - ring of the Burgomaster {Int+4 Dex-2}

@: engulfed (cannot breathe), non-regenerating
A: damage resistance, heal wounds, blurry vision 1, clever 1, high mp 1,
negative energy resistance 1, sense surroundings 2, robust 1, no regeneration
a: Heal Wounds, Lesser Healing, Heal Other, Purification, Greater Healing,
Divine Vigour, Divine Protection, Renounce Religion


You were on level 1 of the Shoals.
You worshipped Elyvilon.
Elyvilon was extremely pleased with you.
You were not hungry.

You visited 6 branches of the dungeon, and saw 26 of its levels.
You also visited: Sewer, Bailey and Gauntlet.

You collected 2205 gold pieces.
You spent 526 gold pieces at shops.

Inventory:

Hand Weapons
 H - a +4 broad axe of flaming (weapon)
Missiles
 h - 15 javelins (quivered)
 x - 154 stones
 A - 31 tomahawks of returning
Armour
 b - a +0 buckler (worn)
 e - a scarf of repulsion
 i - a +0 helmet (worn)
 D - a +0 pair of boots (worn)
 E - a +0 chain mail of positive energy (worn)
 J - the +1 cloak of Articulation (worn) {rPois}
   (You found it in a Gauntlet)

   It protects you from poison.
 S - a +0 pair of gloves of dexterity (worn)
Magical Staves
 Z - an uncursed staff of earth
Jewellery
 c - the ring of the Burgomaster (right hand) {Int+4 Dex-2}
   (You found it on level 15 of the Dungeon)

   [ring of dexterity]

   It affects your intelligence (+4).
   It affects your dexterity (-2).
 r - an amulet of faith (around neck)
 v - a +4 ring of protection (left hand)
 L - an uncursed ring of resist corrosion
 X - an uncursed ring of protection from fire
Wands
 k - a wand of polymorph (22)
 C - a wand of acid (6)
 F - a wand of disintegration (3)
Scrolls
 m - 5 scrolls of remove curse
 p - 9 scrolls of teleportation
 q - 3 scrolls of magic mapping
 t - a scroll of fear
 y - 6 scrolls of enchant armour
 B - a scroll of silence
 I - a scroll of blinking {unknown}
 M - a scroll of amnesia {unknown}
 N - a scroll of holy word {unknown}
 O - 5 scrolls of fog
 P - a scroll of summoning
 R - a scroll of immolation {unknown}
Potions
 a - 7 potions of brilliance
 f - 4 potions of agility
 g - 9 potions of curing
 j - 7 potions of flight
 l - a potion of resistance
 o - a potion of might
 u - 2 potions of haste
 K - a potion of invisibility
 T - 3 potions of mutation
 Y - 2 potions of magic
Miscellaneous
 Q - a lamp of fire (inert)
 W - a box of beasts
Comestibles
 d - 33 rations


   Skills:
 + Level 11.1 Fighting
 + Level 2.7 Axes
 + Level 8.3 Armour
 - Level 2.1 Dodging
 - Level 2.4 Stealth
 - Level 4.0 Shields
 + Level 11.0 Spellcasting
 - Level 10.0 Conjurations
   Level 0.8 Transmutations
 + Level 15.4 Earth Magic
 + Level 15.4 Invocations
 - Level 9.0 Evocations


You had 25 spell levels left.
You knew the following spells:

 Your Spells              Type           Power        Failure   Level  Hunger
a - Sandblast             Erth           ######       1%          1    None
b - Stone Arrow           Conj/Erth      ######       1%          3    None
c - Lee's Rapid Deconstr  Erth           #######...   3%          5    ###....
k - Blink                 Tloc           N/A          75%         2    None

Your spell library contained the following spells:

 Spells                   Type           Power        Failure   Level  Hunger
 Magic Dart               Conj           ####         1%          1    None
 Passwall                 Tmut/Erth      ######..     4%          2    None
 Petrify                  Tmut/Erth      ######..     26%         4    None
 Conjure Flame            Conj/Fire      #####...     28%         3    None
 Dazzling Spray           Conj/Hex       #####.       28%         3    None
 Beastly Appendage        Tmut           ###...       47%         1    None
 Mephitic Cloud           Conj/Pois/Air  ####....     50%         3    None
 Animate Skeleton         Necr           N/A          58%         1    None
 Apportation              Tloc           ##....       58%         1    None
 Confusing Touch          Hex            ##....       58%         1    None
 Corona                   Hex            ##.....      58%         1    None
 Infusion                 Chrm           ##..         58%         1    None
 Summon Small Mammal      Summ           ##..         58%         1    None
 Sticks to Snakes         Tmut           ###.....     63%         2    None
 Force Lance              Conj/Tloc      #####...     67%         4    None
 Call Imp                 Summ           ##......     75%         2    None
 Ensorcelled Hibernation  Hex/Ice        ##....       75%         2    None
 Shroud of Golubria       Chrm/Tloc      ##........   75%         2    None
 Slow                     Hex            ##......     75%         2    None
 Song of Slaying          Chrm           ##......     75%         2    None
 Spider Form              Tmut/Pois      ###.......   88%         3    None
 Confuse                  Hex            ##......     92%         3    None
 Spectral Weapon          Hex/Chrm       ##......     92%         3    None
 Tukima's Dance           Hex            ##......     92%         3    None
 Iskenderun's Battlesphe  Conj/Chrm      #####...     95%         5    ###....
 Ice Form                 Ice/Tmut       ###.....     99%         4    None
 Cause Fear               Hex            ##........   100%        4    None
 Blade Hands              Tmut           ###.......   100%        5    ###....
 Darkness                 Hex            ##........   100%        6    #####..
 Invisibility             Hex            ##......     100%        6    #####..
 Regeneration             Chrm/Necr      Unusable     N/A         3    N/A

Dungeon Overview and Level Annotations

Branches:
Dungeon (15/15)            Temple (1/1) D:5            Lair (6/6) D:11
 Shoals (1/4) Lair:3       Spider (1/4) Lair:2        Slime (0/5) Lair:5
    Orc (2/2) D:10            Elf (0/3) Orc:2        Vaults (0/5) D:13
 Depths (0/5) D:15

Altars:
Ashenzari
Cheibriados
Dithmenos
Elyvilon
Fedhas
Gozag
Hepliaklqana
Kikubaaqudgha
Makhleb
Nemelex Xobeh
Okawaru
Qazlal
Ru
Sif Muna
Trog
Uskayaw
Vehumet
Wu Jian
Xom
Yredelemnul
Zin
The Shining One
Beogh
Jiyva

Shops:
D:5 !   D:11 (   D:12 [   D:13 *   D:15 (   Orc:2 !:**   Shoals:1 %

Annotations:
D:11 2 transporters
Lair:5 1 runed translucent door


Innate Abilities, Weirdness & Mutations

You are resistant to damage.
You can heal yourself by infusing magical energy.
You resist negative energy. (rN+)
You passively map the area around you.
You do not regenerate.
Scrolls take you a little longer to read.
Your mind is acute. (Int +2)
You have an increased reservoir of magic. (+10% MP)
You are robust. (+10% HP)


Message History

* * * LOW HITPOINT WARNING * * *
The merfolk hits you from afar with a +0 trident of venom.
* * * LOW HITPOINT WARNING * * *
You are more poisoned.
The water elemental hits you.
You feel better.
* * * LOW HITPOINT WARNING * * *
Your lungs strain for air!
You block the water elemental's attack. The water elemental hits you.
* * * LOW HITPOINT WARNING * * *
You cannot read scrolls while unable to breathe!
Unknown command.
Aiming: Enslavement
Press: ? - help, Shift-Dir - straight line, f - merfolk
Aim: a merfolk, wielding a +0 trident of venom (chance to defeat MR: 53%)
The water elemental is unaffected.
The now-empty wand crumbles to dust.
* * * LOW HITPOINT WARNING * * *
Your lungs strain for air!
The merfolk hits you from afar with a +0 trident of venom!
You die...

≈≈≈≈≈≈≈≈≈P≈P≈≈≈≈≈≈≈≈≈≈≈≈≈≈≈≈≈≈
≈≈≈≈≈≈≈≈≈PP≈≈≈PP...≈≈≈≈≈≈≈≈≈≈≈ ≈
≈≈≈≈≈≈≈≈≈≈≈≈.P≈...≈≈≈≈≈≈≈≈≈≈≈≈≈
≈≈≈≈≈≈≈≈≈≈P..P..).≈≈≈≈≈≈≈≈≈≈≈≈ ≈
PP≈≈≈≈≈≈≈..≈.##...≈≈≈≈≈≈≈≈≈≈≈≈ ≈
P≈≈≈≈≈≈≈≈..≈P.##......≈≈≈≈≈≈≈≈
≈P≈≈≈≈≈P≈P≈≈P≈.P.......≈≈≈≈≈≈≈ ≈≈
≈P≈≈P≈≈≈≈≈≈≈P≈PE.>:....≈≈≈≈≈≈≈
≈PP≈≈≈≈)≈.≈≈≈..E@.###..≈≈≈≈≈≈≈
≈P≈P≈P≈≈≈≈.≈..m#..# ##.≈≈≈≈≈≈≈≈≈≈
..≈.≈≈≈≈≈≈≈≈≈≈....####.≈≈≈≈≈≈≈≈≈≈
...≈≈≈≈≈≈≈≈≈.≈.....##..≈≈≈≈≈≈≈≈≈
##..≈≈≈≈≈≈≈≈≈≈........≈≈≈≈≈≈≈≈ ≈
##.≈≈≈≈≈≈≈≈≈≈≈.......≈≈≈≈≈≈≈≈≈≈
..≈≈≈≈≈≈≈≈≈≈..###..≈≈≈≈≈≈≈≈≈≈≈
....≈≈≈≈≈≈≈≈≈..# #..≈≈≈≈≈≈≈≈≈ ≈
,, ≈ ≈≈≈≈≈≈≈))###.≈≈≈≈≈≈≈≈≈≈ ≈


You could see a merfolk and 2 water elementals.

Vanquished Creatures
  Jorgrun (Shoals:1)
  Gastronok (Lair:2)
  Frances (D:14)
  An entropy weaver (Lair:2)
  The ghost of Deavvycs the Grappler, a journeyman TrHu of Trog (Lair:2)
  The ghost of Miucotz the Grappler, a journeyman TrMo of Makhleb (Lair:2)
  A minotaur (Gauntlet)
  Snorg (Lair:6)
  An ettin (D:15)
  The ghost of Hylith the Fighter, a journeyman GnWn of Okawaru (Lair:2)
  The ghost of Bojesaq the Slicer, a journeyman KoGl of Wu Jian (Lair:2)
  A vault guard (D:13)
  7 hydras
  The ghost of aspa the Eclecticist, a journeyman OpWz of Sif Muna (D:15)
  A death knight (D:15)
  2 catoblepae
  9 centaur warriors
  The ghost of Irchumiyd the Thaumaturge, a journeyman DEAE of Sif Muna (Lair:2)
  A merfolk aquamancer (Shoals:1)
  4 two-headed ogres
  8 orc high priests (Orc:2)
  The ghost of DEFE the Geomancer, a journeyman OpEE of Zin (D:9)
  Urug (Orc:1)
  A wretched star (Gauntlet)
  3 unseen horrors
  A deep elf archer (D:15)
  4 orc knights
  2 phantasmal warriors (D:15)
  5 cyclopes
  A shining eye (Gauntlet)
  An oklob plant (Lair:5)
  3 wolf spiders
  A faun (Shoals:1)
  2 deep elf magi
  3 centaur zombies
  2 manticores
  A merfolk siren (Lair:3)
  6 black mambas
  7 elephants
  A torpor snail (Lair:6)
  2 gargoyles
  23 spiny frogs
  4 rime drakes
  5 komodo dragons
  7 trolls
  3 jumping spiders (Spider:1)
  A queen bee (Orc:1)
  A freezing wraith (D:15)
  3 merfolk
  5 tyrant leeches (Lair:6)
  3 polar bears
  A hornet (D:9)
  Prince Ribbit (Lair:2)
  6 dream sheep (Lair:5)
  27 blink frogs
  2 centaur simulacra
  A meliai zombie (D:15)
  10 hippogriffs
  6 redbacks
  2 water elementals (Shoals:1)
  A spriggan (Lair:1)
  2 wyverns
  A shadow (D:12)
  A vampire (D:13)
  38 yaks
  2 basilisks
  10 vampire mosquitoes
  A steam dragon (D:14)
  A golden eye (Gauntlet)
  4 hungry ghosts
  A neqoxec (Gauntlet)
  5 wargs
  3 acid dragons
  2 soldier ants
  A floating eye (Gauntlet)
  9 porcupines
  5 water moccasins
  27 orc warriors
  4 ice beasts
  3 sky beasts
  2 black bears
  11 ogres
  2 necrophages
  2 small abominations (Gauntlet)
  4 boggarts (D:14)
  14 centaurs
  4 wolves (Lair:4)
  A centaur (shapeshifter) (D:15)
  5 crocodiles
  4 big kobolds
  A gnoll sergeant (D:10)
  29 bullfrogs
  A scorpion (D:8)
  28 killer bees
  4 wights (D:13)
  6 howler monkeys
  2 electric eels
  8 jellies
  11 crimson imps
  A quasit (D:7)
  A wyvern simulacrum (Gauntlet)
  7 hounds
  5 centaur skeletons
  36 orc priests
  3 bullfrog skeletons
  31 orc wizards
  A gnoll shaman (D:9)
  8 worker ants
  6 iguanas
  A bullfrog simulacrum (Gauntlet)
  2 hound skeletons (D:7)
  22 gnolls
  11 adders
  3 river rats
  6 shadow imps
  An ooze (D:2)
  An adder zombie (D:8)
  4 adder skeletons
  6 worms
  A dart slug (D:5)
  6 leopard geckos
  118 orcs
  11 giant cockroaches
  10 goblins
  15 hobgoblins
  8 jackals
  6 quokkas
  A ball python (D:2)
  6 bats
  6 frilled lizards
  34 kobolds
  A leopard gecko skeleton (D:5)
  A quokka zombie (D:5)
  20 rats
  A fungus (Lair:2)
  8 plants (Lair:1)
  2 withered plants (Gauntlet)
876 creatures vanquished.

Vanquished Creatures (collateral kills)
  2 yaks
  An orc (D:9)
3 creatures vanquished.

Vanquished Creatures (others)
  A yak (D:11)
  A boggart (D:14)
  A gnoll sergeant (D:9)
  20 fungi
  68 plants
  11 withered plants (Gauntlet)
102 creatures vanquished.

Grand Total: 981 creatures vanquished

Notes
Turn   | Place    | Note
-------+----------+-------------------------------------------
     0 | D:1      | Hylith the Deep Dwarf Earth Elementalist began the quest
                  | for the Orb.
     0 | D:1      | Reached XP level 1. HP: 15/15 MP: 3/3
   263 | D:1      | Reached XP level 2. HP: 20/24 MP: 1/5
   335 | D:1      | Reached skill level 1 in Fighting
   804 | D:1      | Reached XP level 3. HP: 9/31 MP: 2/6
   812 | D:1      | Learned a level 3 spell: Stone Arrow
  1590 | D:2      | Reached skill level 5 in Earth Magic
  1590 | D:2      | Reached XP level 4. HP: 23/39 MP: 4/7
  1971 | D:3      | Found a glowing drain.
  1980 | Sewer    | Entered a sewer
  1985 | Sewer    | Reached XP level 5. HP: 13/45 MP: 3/9
  2071 | Sewer    | Learned a level 5 spell: Lee's Rapid Deconstruction
  2296 | Sewer    | Found a white marble altar of Elyvilon.
  2367 | Sewer    | Became a worshipper of Elyvilon the Healer
  2646 | D:3      | Reached skill level 1 in Conjurations
  2798 | D:3      | Found a deep blue altar of Sif Muna.
  2831 | D:3      | Found a shimmering altar of Xom.
  2832 | D:3      | Found a hazy altar of Hepliaklqana.
  2833 | D:3      | Noticed a spectral ugly thing
  3004 | D:4      | Reached XP level 6. HP: 44/55 MP: 6/10
  3161 | D:4      | Found a bloodstained altar of Trog.
  3276 | D:4      | Reached * piety under Elyvilon
  3618 | D:4      | Reached skill level 1 in Invocations
  3707 | D:4      | Found a white marble altar of Elyvilon.
  4165 | D:5      | Entered Level 5 of the Dungeon
  4503 | D:5      | Found a basalt altar of Yredelemnul.
  4516 | D:5      | Reached XP level 7. HP: 46/62 MP: 0/12
  4615 | D:5      | Reached skill level 1 in Armour
  4754 | D:5      | Found a staircase to the Ecumenical Temple.
  4761 | Temple   | Entered the Ecumenical Temple
  4848 | D:5      | Reached ** piety under Elyvilon
  5347 | D:5      | Reached skill level 5 in Invocations
  5482 | D:5      | Reached XP level 8. HP: 54/69 MP: 11/14
  5506 | D:5      | Found Siqeyn's Distillery.
  5509 | D:5      | Bought 2 potions of heal wounds for 140 gold pieces
  5509 | D:5      | Bought a potion of heal wounds for 70 gold pieces
  6639 | D:6      | Reached *** piety under Elyvilon
  6640 | D:6      | Found a sparkling altar of Nemelex Xobeh.
  6889 | D:6      | Found a sacrificial altar of Ru.
  7397 | D:7      | Reached skill level 1 in Evocations
  7843 | D:8      | Gained mutation: You passively map the area around you.
                  | [Deep Dwarf growth]
  7843 | D:8      | Reached XP level 9. HP: 36/79 MP: 9/15
  8316 | D:8      | Reached **** piety under Elyvilon
  8429 | D:8      | Found a radiant altar of Vehumet.
  8805 | D:8      | Reached skill level 5 in Fighting
  9357 | D:7      | Reached skill level 5 in Spellcasting
  9669 | D:7      | Noticed a gargoyle
 10510 | D:7      | Killed a gargoyle
 10617 | D:7      | Found a shimmering altar of Xom.
 10706 | D:9      | Found a shattered altar of Ashenzari.
 10725 | D:9      | Reached skill level 5 in Conjurations
 11113 | D:9      | Reached XP level 10. HP: 53/90 MP: 8/18
 11316 | D:9      | Reached ***** piety under Elyvilon
 11517 | D:9      | Noticed DEFE's ghost (journeyman OpEE)
 11518 | D:9      | Found a runed translucent door.
 12184 | D:9      | Killed DEFE's ghost
 12184 | D:9      | Reached skill level 5 in Armour
 12334 | D:10     | Entered Level 10 of the Dungeon
 12334 | D:10     | Found a staircase to the Orcish Mines.
 14188 | D:11     | Found Busoro's Antique Weapon Shoppe.
 14200 | D:11     | Noticed a centaur warrior
 14426 | D:11     | Reached skill level 10 in Earth Magic
 14748 | D:11     | Found a transporter.
 14749 | D:11     | Noticed a four-headed hydra
 15057 | D:11     | Found a staircase to the Lair.
 15080 | D:11     | Killed a centaur warrior
 15080 | D:11     | Reached XP level 11. HP: 27/99 MP: 0/18
 15258 | D:11     | Found a transporter.
 15521 | Lair:1   | Entered Level 1 of the Lair of Beasts
 15790 | Lair:1   | Noticed a five-headed hydra
 15795 | Lair:1   | Killed a five-headed hydra
 15976 | Lair:1   | Reached skill level 10 in Invocations
 17204 | Lair:1   | Learned a level 2 spell: Blink
 17207 | Lair:2   | Found a hole to the Spider Nest.
 17513 | Lair:2   | Noticed a seven-headed hydra
 17905 | Lair:2   | Reached skill level 5 in Evocations
 17908 | Lair:2   | Killed a seven-headed hydra
 18002 | Lair:2   | Noticed Prince Ribbit
 18475 | Lair:2   | Found a runed translucent gate.
 18475 | Lair:2   | Found a runed translucent gate.
 18475 | Lair:2   | Found a runed translucent gate.
 18476 | Lair:2   | Noticed Deavvycs's ghost (journeyman TrHu)
 18476 | Lair:2   | Noticed Bojesaq's ghost (journeyman KoGl)
 18476 | Lair:2   | Noticed Miucotz's ghost (journeyman TrMo)
 18477 | Lair:2   | Noticed Hylith's ghost (journeyman GnWn)
 18477 | Lair:2   | Noticed Irchumiyd's ghost (journeyman DEAE)
 18479 | Lair:2   | Noticed Gastronok
 18545 | Lair:2   | Reached XP level 12. HP: 102/110 MP: 6/20
 18776 | Lair:2   | Killed Prince Ribbit
 19157 | Lair:2   | Noticed a five-headed hydra
 19167 | Lair:2   | Killed a five-headed hydra
 19727 | Lair:2   | Killed Gastronok
 20510 | Lair:3   | Reached ****** piety under Elyvilon
 20727 | Lair:3   | Noticed a four-headed hydra
 20732 | Lair:3   | Killed a four-headed hydra
 21116 | Lair:3   | Found a staircase to the Shoals.
 21491 | Lair:4   | Got an ancient dagger
 21492 | Lair:4   | Identified the +1 dagger of Kismet {antimagic, rC+ Dex+5}
                  | (You found it on level 4 of the Lair of Beasts)
 22057 | Lair:4   | Noticed a catoblepas
 22080 | Lair:4   | Killed a catoblepas
 22894 | Lair:4   | Identified a scroll of acquirement
 23101 | Lair:5   | Reached XP level 13. HP: 101/120 MP: 14/22
 23999 | Lair:5   | Found a runed translucent door.
 23999 | Lair:5   | Noticed an acid blob
 24000 | Lair:5   | Found a viscous altar of Jiyva.
 24000 | Lair:5   | Found a staircase to the Slime Pits.
 24274 | Lair:6   | Entered Level 6 of the Lair of Beasts
 27237 | Lair:6   | Gained mutation: You resist negative energy. (rN+) [Deep
                  | Dwarf growth]
 27237 | Lair:6   | Reached XP level 14. HP: 115/130 MP: 9/24
 27636 | Lair:6   | Noticed Snorg
 27673 | Lair:6   | Killed Snorg
 28263 | Lair:6   | Found the +6 Majin-Bo {vamp, Archmagi MP+6 Int+6}
 28484 | Orc:1    | Entered Level 1 of the Orcish Mines
 28881 | Orc:2    | Entered Level 2 of the Orcish Mines
 28887 | Orc:2    | Found a staircase to the Elven Halls.
 29202 | D:10     | Reached skill level 1 in Shields
 29595 | Orc:1    | Noticed Urug
 30356 | Orc:2    | Reached skill level 10 in Fighting
 31349 | Orc:2    | Found Kameray's Distillery.
 31349 | Orc:2    | Found Lonei's Book Shoppe.
 31461 | Orc:2    | Bought a potion of magic for 96 gold pieces
 32382 | Orc:2    | Found Jilatrosi's Assorted Antiques.
 32382 | Orc:2    | Found Jovvuox's General Store.
 32398 | Orc:2    | Bought a wand of acid (6) for 220 gold pieces
 32420 | Orc:2    | Found a roughly hewn altar of Beogh.
 33868 | Orc:1    | Reached skill level 10 in Conjurations
 34602 | Orc:1    | Killed Urug
 35137 | D:12     | Found Eseckova's Armour Shop.
 36717 | D:12     | Reached skill level 10 in Spellcasting
 36968 | D:13     | Found a gate to the Vaults.
 37265 | D:13     | Found Duppiluq's General Store.
 38795 | D:14     | Found a flagged portal.
 38835 | Bailey   | Entered a bailey
 38853 | Bailey   | Identified the +5 fustibalus "Killer Bee's Bane" {flame,
                  | Str+5}
 39069 | D:14     | Found a gate leading to a gauntlet.
 39074 | Gauntlet | Entered a Gauntlet
 39074 | Gauntlet | Found a transporter.
 39137 | Gauntlet | Found a transporter.
 39146 | Gauntlet | Found a transporter.
 39151 | Gauntlet | Found a transporter.
 39166 | Gauntlet | Found a transporter.
 39185 | Gauntlet | Found a transporter.
 39197 | Gauntlet | Found a transporter.
 39206 | Gauntlet | Found a transporter.
 39214 | Gauntlet | Noticed a reaper
 39221 | Gauntlet | Found a transporter.
 39233 | Gauntlet | Found a transporter.
 39239 | Gauntlet | Found a transporter.
 39239 | Gauntlet | Found a transporter.
 39278 | Gauntlet | Found a transporter.
 39305 | Gauntlet | Found a transporter.
 39305 | Gauntlet | Found a transporter.
 39325 | Gauntlet | Found a transporter.
 39403 | Gauntlet | Found a transporter.
 39505 | Gauntlet | Paralysed by a floating eye for 4 turns
 39513 | Gauntlet | Gained mutation: Your spells are a little easier to cast,
                  | but a little less powerful. [a shining eye]
 39539 | Gauntlet | Found a transporter.
 39938 | Gauntlet | Identified the +9 shortbow "Huafenk" {flame, Str+3}
 39947 | Gauntlet | Reached XP level 15. HP: 112/139 MP: 1/26
 39958 | Gauntlet | Identified the Volume of Bewitchment
 39963 | Gauntlet | Identified Furghausej's Handbook of the Traveller
 39975 | Gauntlet | Got a pitted cloak
 39982 | Gauntlet | Identified the +1 cloak of Articulation {rPois} (You found
                  | it in a Gauntlet)
 40181 | D:14     | Noticed Frances
 40193 | D:14     | Killed Frances
 41679 | D:15     | Entered Level 15 of the Dungeon
 41899 | D:15     | Found Naocimu's Antique Weapon Shoppe.
 42033 | D:15     | Got a brightly glowing long sword
 42034 | D:15     | Identified the +5 long sword of Noenweci {slice, rElec rC+
                  | Str-2} (You found it on level 15 of the Dungeon)
 42093 | D:15     | Got a twitching tin ring
 42095 | D:15     | Identified the cursed ring of the Burgomaster {Int+4 Dex-2}
                  | (You found it on level 15 of the Dungeon)
 42931 | D:15     | Found a runed translucent door.
 42934 | D:15     | Noticed aspa's ghost (journeyman OpWz)
 42943 | D:15     | Killed aspa's ghost
 43179 | D:15     | Reached skill level 15 in Earth Magic
 43276 | D:15     | Reached skill level 15 in Invocations
 43956 | D:15     | Lost mutation: Your spells are a little easier to cast, but
                  | a little less powerful. [potion of mutation]
 43956 | D:15     | Gained mutation: You are robust. (+10% HP) [potion of
                  | mutation]
 43956 | D:15     | Gained mutation: Scrolls take you a little longer to read.
                  | [potion of mutation]
 43956 | D:15     | Gained mutation: You have an increased reservoir of magic.
                  | (+10% MP) [potion of mutation]
 43956 | D:15     | Gained mutation: Your mind is acute. (Int +2) [potion of
                  | mutation]
 44124 | D:15     | Found a staircase to the Depths.
 45354 | Spider:1 | Entered Level 1 of the Spider Nest
 45603 | Lair:2   | Killed Bojesaq's ghost
 45603 | Lair:2   | Reached skill level 1 in Axes
 45607 | Lair:2   | Killed Miucotz's ghost
 45801 | Lair:2   | Killed Deavvycs's ghost
 46169 | Lair:2   | Killed Irchumiyd's ghost
 46352 | Lair:2   | Killed Hylith's ghost
 46362 | Lair:2   | Identified the Almanac of Helpful Curses
 47185 | Shoals:1 | Entered Level 1 of the Shoals
 47190 | Shoals:1 | Found Acofes's Food Shoppe.
 47224 | Shoals:1 | Noticed Jorgrun
 47239 | Shoals:1 | Killed Jorgrun
 47548 | Shoals:1 | Slain by a merfolk

Levels and vault maps discovered:
D:1:      dpeg_arrival_tiny_b, layout_basic, minmay_misc_feat_plants
D:2:      layout_loops_ring, minmay_pentomino_v4
D:3:      layout_rooms, regret_index_temple_of_mockery, lemuel_round_altar,
          portal_sewer_entry_c
D:4:      layout_loops_ring, kennysheep_mini, elyvilon_altar_1, first_ration
D:5:      layout_gridville, temple_green, serial_shops, kennysheep_mini_moat,
          basic_altar, kennysheep_generic_room_13
D:6:      layout_basic, lemuel_crystal_altar, lemuel_coloured_pillars_altar
D:7:      lemuel_upstairs_altar, layout_basic, grunt_ogre_cave
D:8:      layout_loops_ring, vehumet_altar_wand_db, grunt_ministairs_7
D:9:      layout_loops_corners, ashenzari_altar_1,
          hellmonk_ghost_happy_afterlife, lightli_orcish_oven
D:10:     layout_cave_pools, orc_david_3
D:11:     gammafunk_the_bubble [the_bubble_gammafunk_plus_minus],
          layout_long_grid, serial_shops, shop, minmay_misc_feat_pillars
D:12:     layout_basic, serial_shops, shop
D:13:     layout_loops_corners, david_vaults_5, serial_shops, nicolae_shop_stone
D:14:     layout_long_grid, gauntlet_entry_generic, hangedman_decor_opposing,
          enter_bailey_8, serial_bayou_pond_b, uniq_frances
D:15:     hangedman_depths_entry_civil_slaughter, layout_loops_ring,
          ebering_ghost_reflecting_pool, chequers_serial_rivers_micro_c,
          serial_shops, shop, minmay_diced_spiral
Temple:   nicolae_temple_god_jail
Lair:1:   layout_chaotic_city, nicolae_quartered_pool_little, wad_woods_03,
          infiniplex_staircase_pool, lemuel_fruit_tree
Lair:2:   layout_layer_cave, spider_nest_entry_webs, gammafunk_ghost_cemetery,
          minmay_shattered_shrine, infiniplex_staircase_pool_2, uniq_gastronok,
          uniq_prince_ribbit2
Lair:3:   layout_chaotic_city, elwin_shoals_entry_rooms
Lair:4:   layout_misc_corridors, kennysheep_catoblepas_arena,
          lemuel_fruit_fields
Lair:5:   layout_loops_ring, slime_altar_2
Lair:6:   minmay_lair_end_frog_pond, layout_regular_city, uniq_snorg
Shoals:1: layout_shoals, serial_shops, shop, uniq_jorgrun
Spider:1: layout_spider_delve, einodemon_crawler_minivault
Orc:1:    layout_caves, special_room [special_room_bee], uniq_urug
Orc:2:    st_orc_town, layout_caves

Skill      XL: |  1  2  3  4  5  6  7  8  9 10 11 12 13 14 15 |
---------------+----------------------------------------------+-----
Spellcasting   | 2 3 4 5 6 7 8 9 10 11 | 11.0
Fighting       | 1 2 3 4 5 6 7 8 9 10 11 | 11.1
Earth Magic    | 5 6 7 9 10 11 12 13 14 15 | 15.4
Conjurations   | 1 2 3 5 6 7 8 9 10 | 10.0
Invocations    | 3 5 6 8 9 10 12 13 14 15 | 15.4
Armour         | 2 3 4 5 7 8 |  8.3
Evocations     | 2 4 5 6 8 9 |  9.0
Shields        | 4 |  4.0
Axes           | 2 |  2.7
Dodging        | |  2.1
Stealth        | |  2.4
Transmutations | |  0.8

Action                   |  1- 3 |  4- 6 |  7- 9 | 10-12 | 13-15 || total
-------------------------+-------+-------+-------+-------+-------++-------
Melee: Unarmed           |    12 |       |       |       |       ||    12
       Club              |     5 |       |       |       |       ||     5
       Dagger            |    82 |   119 |       |       |   231 ||   432
       Whip              |       |    19 |    83 |   151 |    53 ||   306
       Flail             |       |       |       |       |    63 ||    63
       War axe           |       |       |       |       |    20 ||    20
       Staff             |       |       |       |       |    34 ||    34
       Long sword        |       |       |       |       |    41 ||    41
       Broad axe         |       |       |       |       |    13 ||    13
Throw: Javelin           |       |       |     5 |       |     4 ||     9
 Cast: Sandblast         |    35 |    45 |    91 |   106 |    88 ||   365
       Stone Arrow       |     6 |    39 |   117 |   290 |   763 ||  1215
       Lee's Rapid Decon |       |       |     2 |    13 |   116 ||   131
Invok: Lesser Healing    |       |     5 |    20 |    79 |   221 ||   325
       Greater Healing   |       |       |       |       |     1 ||     1
 Abil: Heal Wounds       |     1 |     3 |       |    14 |     4 ||    22
       Evoke Berserk Rag |       |       |       |     1 |       ||     1
Evoke: Wand              |       |       |     1 |    37 |    26 ||    64
       Sack of spiders   |       |       |       |       |     3 ||     3
       Lamp of fire      |       |       |       |       |     2 ||     2
  Use: Scroll            |       |     6 |     1 |    10 |    19 ||    36
       Potion            |       |     1 |     3 |    12 |    10 ||    26
 Stab: Sleeping          |     3 |       |     1 |       |       ||     4
  Eat: Chunk             |     4 |    11 |    24 |    40 |    94 ||   173
       Ration            |       |     1 |     3 |     6 |    11 ||    21
Armor: Robe              |    20 |       |       |     1 |       ||    21
       Ring mail         |     1 |    47 |    51 |    29 |   111 ||   239
       Skin              |       |    25 |     5 |    16 |       ||    46
       Scale mail        |       |       |       |    41 |    41 ||    82
       Chain mail        |       |       |       |       |   431 ||   431
Dodge: Dodged            |    58 |    75 |    77 |   123 |   399 ||   732
       Deflected         |       |       |       |       |    28 ||    28
Block: Buckler           |       |       |       |       |   202 ||   202
       Rpst.: Long sword |       |       |       |       |     6 ||     6

Table legend:
 A = Non-vault XP
 B = Vault XP
 C = Vault XP percentage of total XP
 D = Non-vault monster count
 E = Vault monster count
 F = Vault count percentage of total count
                 A         B        C        D         E       F
            +---------+---------+-------+---------+---------+-------
      Total |   85124 |   61179 |  41.8 |     615 |     253 |  29.1
            +---------+---------+-------+---------+---------+-------
        D:1 |      42 |       0 |   0.0 |      24 |       0 |   0.0
        D:2 |      49 |      18 |  26.9 |      21 |       4 |  16.0
        D:3 |      70 |      44 |  38.6 |      25 |       6 |  19.4
        D:4 |     296 |       0 |   0.0 |      15 |       0 |   0.0
        D:5 |     904 |     132 |  12.7 |      34 |       1 |   2.9
        D:6 |     369 |       0 |   0.0 |       9 |       0 |   0.0
        D:7 |    1424 |     121 |   7.8 |      22 |       1 |   4.3
        D:8 |    1528 |     185 |  10.8 |      38 |       2 |   5.0
        D:9 |    1369 |     993 |  42.0 |      28 |       7 |  20.0
       D:10 |    1450 |     205 |  12.4 |      28 |       7 |  20.0
       D:11 |    2673 |       0 |   0.0 |      17 |       0 |   0.0
       D:12 |    6304 |       0 |   0.0 |      35 |       0 |   0.0
       D:13 |    5689 |     986 |  14.8 |      39 |       1 |   2.5
       D:14 |    4394 |    4639 |  51.4 |      20 |       7 |  25.9
       D:15 |   11464 |    7847 |  40.6 |      35 |      11 |  23.9
     Lair:1 |    3777 |     490 |  11.5 |      15 |       2 |  11.8
     Lair:2 |    7361 |   13025 |  63.9 |      17 |      24 |  58.5
     Lair:3 |    3694 |     807 |  17.9 |      15 |       2 |  11.8
     Lair:4 |    3612 |    1600 |  30.7 |      18 |       3 |  14.3
     Lair:5 |    8399 |    1058 |  11.2 |      28 |       4 |  12.5
     Lair:6 |    8296 |   11406 |  57.9 |      23 |      40 |  63.5
   Shoals:1 |    2952 |    1833 |  38.3 |       7 |       1 |  12.5
   Spider:1 |    2081 |       0 |   0.0 |       7 |       0 |   0.0
      Orc:1 |    2534 |    2676 |  51.4 |      38 |      26 |  40.6
      Orc:2 |    4393 |    8095 |  64.8 |      57 |      57 |  50.0
      Sewer |       0 |     122 | 100.0 |       0 |      10 | 100.0
     Bailey |       0 |    1199 | 100.0 |       0 |      26 | 100.0
   Gauntlet |       0 |    3698 | 100.0 |       0 |      11 | 100.0
            +---------+---------+-------+---------+---------+-------
